 Dungeon Crawl Stone Soup version 0.29.1-1-gd02db6906a (webtiles) character file.

Game seed: 17843139731454818465

760 xian the Gusty (level 7, -2/46 HPs)
             Began as a Demonspawn Air Elementalist on Sept 29, 2022.
             Was an Initiate of Nemelex Xobeh.
             Shot with an arrow by a centaur (10 damage)
             ... on level 6 of the Dungeon on Sept 30, 2022.
             The game lasted 00:09:32 (4369 turns).

xian the Gusty (Demonspawn Air Elementalist)        Turns: 4369, Time: 00:09:33

Health: -2/46      AC:  4    Str:  8    XL:     7   Next: 51%
Magic:  13/13      EV: 11    Int: 21    God:    Nemelex Xobeh [......]
Gold:   173        SH:  0    Dex: 14    Spells: 6/14 levels left

rFire   . . .      SeeInvis .   r - +9 mace of Compulsion {distort, rC- rCorr Int+3}
rCold   x . .      Faith    .   (no shield)
rNeg    . . .      Spirit   .   n - +0 leather armour of an ice cave {-Tele Harm rPois}
rPois   +          Reflect  .   (no helmet)
rElec   .          Harm     +   (no cloak)
rCorr   +          Rampage  .   (no gloves)
Will    .....      NoTele   +   q - +0 pair of boots
Stlth   ++........              j - amulet of magic regeneration
HPRegen 0.15/turn               y - ring of poison resistance
MPRegen 0.53/turn               (no ring)

@: no status effects
A: hooves 2, foul stench 1, weakness stinger 2
a: Renounce Religion, Draw Escape, Draw Destruction, Draw Summoning


You were on level 6 of the Dungeon.
You worshipped Nemelex Xobeh.
Nemelex Xobeh was noncommittal.
You visited 1 branch of the dungeon, and saw 6 of its levels.

You collected 173 gold pieces.

Inventory:

Hand Weapons
 r - the +9 mace of Compulsion (weapon) {distort, rC- rCorr Int+3}
   (You found it on level 3 of the Dungeon)

   It warps and distorts space around it, and may blink, banish, or inflict
   extra damage upon those it strikes.
   Unwielding it can cause banishment or high damage.
   Int:       It affects your intelligence (+3).
   rC:        It makes you vulnerable to cold.
   rCorr:     It protects you from acid and corrosion.
Missiles
 d - 5 javelins
Armour
 n - the +0 leather armour of an ice cave (worn) {-Tele Harm rPois}
   (You found it on level 3 of the Dungeon)

   rPois:     It protects you from poison.
   -Tele:     It prevents most forms of teleportation.
   Harm:      It increases damage dealt and taken.
 q - a +0 pair of boots (worn)
Jewellery
 j - an amulet of magic regeneration (around neck)
 y - a ring of poison resistance (left hand)
Wands
 x - a wand of flame (11)
Scrolls
 a - a scroll of silence {unknown}
 c - 2 scrolls of noise {unknown}
 e - 2 scrolls of enchant weapon {unknown}
 h - 2 scrolls of poison {unknown}
 i - a scroll of vulnerability {unknown}
 m - a scroll of identify {unknown}
Potions
 b - a potion of magic
 f - 6 potions of heal wounds {unknown}
 g - 2 potions of cancellation {unknown}
 k - a potion of attraction {unknown}
 l - a potion of haste {unknown}
 o - a potion of ambrosia {unknown}
 p - 2 potions of lignification {unknown}
 s - a potion of flight {unknown}
 t - 2 potions of degeneration {unknown}
 u - a potion of mutation {unknown}
 v - 2 potions of brilliance {unknown}
 w - a potion of resistance {unknown}


   Skills:
 + Level 0.3 Fighting
 * Level 2.9 Maces & Flails
 + Level 1.2 Armour
 + Level 1.9 Dodging
 + Level 2.8 Stealth
 + Level 4.2 Spellcasting
 + Level 3.1 Conjurations
 + Level 4.9 Air Magic


You had 6 spell levels left.
You knew the following spells:

 Your Spells              Type           Power      Damage    Failure   Level
a - Shock                 Conj/Air       84%        1d8       3%          1
b - Static Discharge      Conj/Air       21%        3-6/arc   4%          2
c - Swiftness             Air            25%        N/A       6%          3
d - Poisonous Vapours     Pois/Air       28%        N/A       9%          2

Your spell library contained the following spells:

 Spells                   Type           Power      Damage    Failure   Level
 Airstrike                Air            12%        2d(2-18)  22%         4
 Portal Projectile        Hex/Tloc       8%         N/A       45%         3
 Tukima's Dance           Hex            4%         N/A       45%         3
 Corpse Rot               Necr/Pois/Air  11%        N/A       63%         4
 Blade Hands              Tmut           2%         N/A       99%         5


Dungeon Overview and Level Annotations

Branches:
Dungeon (6/15)             Temple (0/1) D:5

Altars:
Ashenzari
Nemelex Xobeh
Vehumet

Annotations:
Abyss:1 Eustachio


Innate Abilities, Weirdness & Mutations

You have hoof-like feet.
You may rarely emit foul miasma when damaged in melee.
You have a tail ending in a sharp stinger.


Message History

Things that are here:
a +0 whip; a gnoll corpse
Found a white potion.
A gnoll is nearby!
The zap hits the gnoll.
The gnoll is heavily wounded.
The gnoll shouts!
The zap misses the gnoll.
The zap hits the gnoll.
You kill the gnoll!
You can't see any susceptible monsters within range! (Use Z to cast anyway.)
A centaur comes into view.
The zap hits the centaur.
The centaur is moderately wounded.
The centaur shouts!
The centaur wields a +0 shortbow.
The centaur shoots an arrow.
The arrow hits you.
The zap hits the centaur.
The centaur is heavily wounded.
The centaur shoots an arrow.
The arrow hits you!
The centaur shoots an arrow.
The arrow hits you.
You miscast Shock.
You are very lightly contaminated with residual magic.
Nothing appears to happen.
The centaur shoots an arrow.
The arrow hits you!
You are too injured to fight recklessly!
You are too injured to fight recklessly!
You are too injured to fight recklessly!
The centaur shoots an arrow.
The arrow hits you.
* * * LOW HITPOINT WARNING * * *
The centaur shoots an arrow.
The arrow closely misses you.
Things that are here:
a +0 whip; a gnoll corpse
Things that are here:
a +0 club; a +0 leather armour; a gnoll corpse Your magical contamination has completely faded away.
The centaur shoots an arrow.
The arrow hits you.
* * * LOW HITPOINT WARNING * * *
The centaur shoots an arrow.
The arrow hits you!
You die...
Your body disappears without a glow.

.......
..)....####.#
..!.........#
......c.#
#.#.###.# #.# #)#
#.########
#@........
#.######<########
#........#
#.######)# #†#
#.# #.# #.##
#..########


You could see a centaur.

Vanquished Creatures
  An orc warrior (D:5)
  A hound (D:6)
  A gnoll bouda (D:6)
  6 iguanas
  Jessica (D:2)
  Natasha (thrice) (D:4)
  3 orc wizards (D:5)
  Robin (D:4)
  4 gnolls (D:6)
  4 adders
  3 dart slugs
  4 orcs (D:5)
  3 ball pythons
  6 endoplasms
  A giant cockroach (D:3)
  6 hobgoblins
  2 bats
  4 frilled lizards
  9 goblins
  5 kobolds
  3 rats
71 creatures vanquished.

Notes
Turn   | Place    | Note
-------+----------+-------------------------------------------
     0 | D:1      | xian the Demonspawn Air Elementalist began the quest for
                  | the Orb.
     0 | D:1      | Reached XP level 1. HP: 13/13 MP: 3/3
    13 | D:1      | Found a faded altar of an unknown god.
   325 | D:1      | Discovered your monstrous ancestry.
   325 | D:1      | Gained mutation: You have large cloven feet. [demonic
                  | ancestry]
   325 | D:1      | Reached XP level 2. HP: 19/19 MP: 1/5
  1136 | D:1      | Learned a level 2 spell: Static Discharge
  1445 | D:2      | Noticed Jessica
  1453 | D:2      | Killed Jessica
  1454 | D:2      | Reached XP level 3. HP: 23/24 MP: 1/6
  2065 | D:3      | Learned a level 3 spell: Swiftness
  2363 | D:3      | Identified the +9 mace of Compulsion {distort, rC- rCorr
                  | Int+3}
  2440 | D:3      | Identified the +0 leather armour of an ice cave {-Tele Harm
                  | rPois}
  2805 | D:4      | Noticed Robin
  2813 | D:4      | Gained mutation: You have a small tail. [demonic ancestry]
  2813 | D:4      | Reached XP level 4. HP: 30/30 MP: 4/8
  2813 | D:4      | Killed Robin
  2814 | D:4      | Reached skill level 1 in Maces & Flails
  2869 | D:4      | Identified the +6 war axe "Concordance" {vorpal, Dex+2}
  2908 | D:4      | Found a radiant altar of Vehumet.
  2909 | D:4      | Noticed Natasha
  2915 | D:4      | Gained mutation: You have hoof-like feet. [demonic
                  | ancestry]
  2915 | D:4      | Reached XP level 5. HP: 35/35 MP: 5/9
  2918 | D:4      | Killed Natasha
  2950 | D:4      | Noticed Eustachio
  2960 | D:4      | Banished Eustachio
  2961 | D:4      | Gained mutation: You may rarely emit foul miasma when
                  | damaged in melee. [demonic ancestry]
  2961 | D:4      | Reached XP level 6. HP: 33/41 MP: 3/11
  2965 | D:4      | Noticed Natasha
  2971 | D:4      | Killed Natasha
  3022 | D:4      | Noticed Natasha
  3025 | D:4      | Killed Natasha
  3325 | D:4      | Found a sparkling altar of Nemelex Xobeh.
  3384 | D:4      | Became a worshipper of Nemelex Xobeh the Trickster
  3390 | D:5      | Entered Level 5 of the Dungeon
  3447 | D:5      | Noticed an orc warrior
  3456 | D:5      | Killed an orc warrior
  3457 | D:5      | Reached skill level 1 in Armour
  3457 | D:5      | Gained mutation: You have a tail ending in a sharp stinger.
                  | [demonic ancestry]
  3457 | D:5      | Reached XP level 7. HP: 9/46 MP: 4/12
  3457 | D:5      | HP: 1/46 [orc wizard/magic dart (8)]
  3769 | D:5      | Found a broken altar of Ashenzari.
  3778 | D:5      | Found a staircase to the Ecumenical Temple.
  4274 | D:5      | Learned a level 2 spell: Poisonous Vapours
  4369 | D:6      | Shot with an arrow by a centaur

Illustrated notes

Levels and vault maps discovered:
D:1:      evilmike_arrival_plus, layout_basic,
          ebering_ecumenical_altar_abandoned, nrook_loot_triangle
D:2:      layout_basic, serial_curves, eino_curves_04, eino_curves_02,
          eino_curves_02, uniq_jessica
D:3:      layout_basic
D:4:      layout_rooms, kennysheep_mini, mainiacjoe_overflow_paths,
          uniq_natasha, uniq_eustachio, uniq_robin
D:5:      layout_basic, ashenzari_conservatory_becter, temple_pool_b,
          kennysheep_generic_room_10
D:6:      layout_loops_ring, lemuel_doored_altar, kennysheep_little_box,
          general_overflow_altar

Skill      XL: |  1  2  3  4  5  6  7 |
---------------+----------------------+-----
Stealth        | 2 |  2.8
Air Magic      | 3 4 |  4.9
Maces & Flails | 1 2 |  2.9
Spellcasting   | 3 4 |  4.2
Conjurations   | 2 3 |  3.1
Armour         | 1 |  1.2
Fighting       | |  0.3
Dodging        | |  1.9

Action                   |  1- 3 |  4- 6 |  7- 9 || total
-------------------------+-------+-------+-------++-------
Melee: Flail             |     8 |       |       ||     8
       Mace              |       |     7 |     7 ||    14
 Cast: Shock             |    69 |    47 |    33 ||   149
       Static Discharge  |       |     7 |     2 ||     9
Armor: Robe              |     1 |       |       ||     1
       Leather armour    |       |     5 |     2 ||     7
Dodge: Dodged            |     9 |     7 |     5 ||    21
